 Dungeon Crawl Stone Soup version 0.28.0-43-g3370ac3207 (webtiles) character file.

Game seed: 12304023934094695916

1227 Descartes the Ruffian (level 8, -6/79 HPs)
             Began as a Troll Warper on Mar 1, 2022.
             Mangled by an orc warrior
             ... wielding a +0 scimitar
              (21 damage)
             ... on level 5 of the Dungeon.
             The game lasted 00:06:37 (4227 turns).

Descartes the Ruffian (Troll Warper)                Turns: 4227, Time: 00:06:37

Health: -6/79      AC:  5    Str: 20    XL:     8   Next: 23%
Magic:  11/11      EV:  9    Int: 11    God:
Gold:   77         SH:  0    Dex:  9    Spells: 10/12 levels left

rFire   . . .      SeeInvis .     - Unarmed
rCold   . . .      Faith    .   x - orb {mayhem}
rNeg    . . .      Spirit   .   a - +0 robe
rPois   .          Reflect  .   (helmet restricted)
rElec   .          Harm     .   p - +0 cloak
rCorr   +          Rampage  .   (gloves unavailable)
Will    .....                   (boots unavailable)
Stlth   +.........              e - amulet of regeneration
HPRegen 1.83/turn               i - ring of resist corrosion
MPRegen 0.12/turn               j - ring of wizardry

@: no status effects
A: large, unfitting armour, claws 3, regeneration 1, shaggy fur 1, tough skin 1
a: no special abilities


You were on level 5 of the Dungeon.
You visited 2 branches of the dungeon, and saw 7 of its levels.

You collected 207 gold pieces.
You spent 130 gold pieces at shops.

Inventory:

Missiles
 c - 5 boomerangs of dispersal (quivered)
 g - 4 boomerangs
 s - 2 poisoned darts
 v - 6 javelins
 w - a throwing net
Armour
 a - a +0 robe (worn)
 p - a +0 cloak (worn)
 x - an orb of mayhem (worn)
Jewellery
 e - an amulet of regeneration (around neck)
 i - a ring of resist corrosion (left claw)
 j - a ring of wizardry (right claw)
 r - a ring of magical power
Wands
 l - a wand of flame (28)
Scrolls
 b - a scroll of blinking
 k - 4 scrolls of identify {unknown}
 n - a scroll of enchant weapon {unknown}
 o - 2 scrolls of teleportation {unknown}
 u - a scroll of enchant armour {unknown}
 y - a scroll of noise {unknown}
Potions
 d - a potion of haste {unknown}
 f - a potion of heal wounds {unknown}
 h - a potion of mutation {unknown}
 m - a potion of curing {unknown}
 q - a potion of attraction {unknown}
 t - 2 potions of lignification {unknown}


   Skills:
 + Level 4.5 Fighting
 - Level 0.8 Throwing
 - Level 1.9 Dodging
 + Level 5.5 Unarmed Combat
 + Level 2.7 Spellcasting
 + Level 4.5 Translocations


You had 10 spell levels left.
You knew the following spells:

 Your Spells              Type           Power      Damage    Failure   Level
a - Blink                 Tloc           22%        N/A       2%          2

Your spell library contained the following spells:

 Spells                   Type           Power      Damage    Failure   Level
 Gell's Gravitas          Tloc           11%        N/A       4%          3
 Lesser Beckoning         Tloc           11%        N/A       4%          3
 Teleport Other           Tloc           11%        N/A       4%          3
 Manifold Assault         Tloc           11%        N/A       41%         5
 Summon Forest            Summ/Tloc      3%         N/A       71%         5
 Eringya's Noxious Bog    Tmut/Pois      0%         N/A       100%        6
 Summon Hydra             Summ           0%         N/A       100%        7


Dungeon Overview and Level Annotations

Branches:
Dungeon (6/15)             Temple (1/1) D:5

Altars:
Ashenzari
Cheibriados
Dithmenos
Elyvilon
Fedhas
Gozag
Hepliaklqana
Kikubaaqudgha
Makhleb
Nemelex Xobeh
Okawaru
Qazlal
Ru
Sif Muna
Trog
Uskayaw
Vehumet
Wu Jian
Xom
Yredelemnul
Zin
The Shining One

Shops:
D:6 *


Innate Abilities, Weirdness & Mutations

You are too large for most types of armour.
You have claws for hands.
Your natural rate of healing is unusually fast.
You are covered in fur. (AC +1)
You have tough skin. (AC +1)


Message History

The puff of flame hits you.
You climb upwards.
Reactivating autopickup.
There is a stone staircase leading down here.
HP restored.
Done exploring.
You climb downwards.
The orc wizard hits you with a +0 dagger.
The orc warrior barely misses you. The orc closely misses you.
The orc wizard hits you but does no damage.
There is a stone staircase leading up here.
HP restored.
The orc warrior hits you with a +0 scimitar!
The orc wizard points at you and mumbles some strange words.
The magic dart hits you. The orc completely misses you.
The orc wizard hits you but does no damage.
You climb upwards.
There is a stone staircase leading down here.
You claw the orc!
You kill the orc!
The orc warrior flies into a frenzy!
The orc warrior hits you with a +0 scimitar!!
The orc wizard hits you with a +0 dagger.
The orc warrior closely misses you.
The orc warrior barely misses the orc wizard.
The orc wizard casts a spell at you. The puff of flame misses you.
Things that are here:
a +0 mace; a +0 ring mail; an orc corpse You miss the orc wizard.
The orc warrior hits the orc wizard with a +0 scimitar!
The orc wizard dies!
The orc warrior hits you with a +0 scimitar!
Things that are here:
a +0 dagger; a +0 robe You scratch the orc warrior but do no damage.
The orc warrior hits you with a +0 scimitar!!
* * * LOW HITPOINT WARNING * * *
The orc warrior hits you with a +0 scimitar!!
You die...

#...........# #.#.........# ###
#.#.........# ..#
######.###.#.##.####### #.#
#...................... #.#
###.###.####.#.#######.## #.#
#...# #.# #.#.....# #.# #.####
#.### #)####.#####.###.## #....#
#.# #o@................ ####.#
#.# #.####.#.#.#.###.## #.# #.#
#.# #.....#.###.# ####.####.#
#.######.###.##>.# .......##.#
#.....##.....##..#
.......##.#########.##########)##
.......##.#.....###.# #...
.......##.##.#......############.
..........##.#................#..


You could see a neutral orc warrior (fast, strong, insane).

Vanquished Creatures
  2 sky beasts (D:5)
  An orc warrior (D:5)
  A black bear (D:3)
  An ogre (D:6)
  2 gnoll sergeants
  A water moccasin zombie (D:5)
  A jelly (D:3)
  2 hounds
  4 orc priests
  An iguana (D:5)
  2 orc wizards
  A statue (D:4)
  A killer bee zombie (D:6)
  2 hound zombies (D:5)
  7 gnolls
  5 adders
  An ufetubus (D:5)
  An adder skeleton (D:4)
  A dart slug (D:2)
  12 orcs
  5 ball pythons
  4 endoplasms
  A giant cockroach (D:3)
  9 goblins
  10 hobgoblins
  6 jackals
  3 quokkas (D:1)
  7 bats
  5 kobolds
  3 rats
102 creatures vanquished.

Vanquished Creatures (collateral kills)
  An orc wizard (D:5)
  3 orcs (D:6)
4 creatures vanquished.

Grand Total: 106 creatures vanquished

Notes
Turn   | Place    | Note
-------+----------+-------------------------------------------
     0 | D:1      | Descartes the Troll Warper began the quest for the Orb.
     0 | D:1      | Reached XP level 1. HP: 19/19 MP: 1/1
   133 | D:1      | Reached XP level 2. HP: 27/28 MP: 2/2
   802 | D:2      | Reached XP level 3. HP: 35/35 MP: 3/3
  1346 | D:3      | Reached skill level 3 in Unarmed Combat
  1346 | D:3      | Reached XP level 4. HP: 44/44 MP: 4/4
  1402 | D:3      | Noticed a black bear
  1407 | D:3      | Killed a black bear
  1408 | D:3      | Reached XP level 5. HP: 53/53 MP: 5/5
  1411 | D:3      | Learned a level 2 spell: Blink
  1985 | D:4      | Found a radiant altar of Vehumet.
  1985 | D:4      | Noticed a charred statue
  2456 | D:4      | Reached XP level 6. HP: 61/61 MP: 6/6
  2718 | D:4      | Reached skill level 4 in Unarmed Combat
  2751 | D:5      | Entered Level 5 of the Dungeon
  2980 | D:5      | Found a staircase to the Ecumenical Temple.
  2990 | Temple   | Entered the Ecumenical Temple
  3381 | D:5      | Noticed a sky beast
  3390 | D:5      | Killed a sky beast
  3391 | D:5      | Reached XP level 7. HP: 61/68 MP: 8/8
  3911 | D:6      | Reached skill level 5 in Unarmed Combat
  3957 | D:6      | Found Ykkobo's General Store.
  3994 | D:5      | Reached XP level 8. HP: 33/78 MP: 10/10
  4111 | D:6      | Bought an orb of mayhem for 130 gold pieces
  4227 | D:5      | Mangled by an orc warrior

Illustrated notes

Levels and vault maps discovered:
D:1:      minmay_arrival_hallway, layout_loops_ring
D:2:      layout_loops_ring, corexii_corridor_pit
D:3:      layout_basic
D:4:      cheibrodos_greedy_goblins, layout_basic, vehumet_statue
D:5:      layout_basic, minmay_temple_entry_proselytizer,
          guppyfry_early_orc_mine
D:6:      layout_basic, ebering_ghost_disaster_area, serial_shops, shop
Temple:   mainiacjoe_temple_trianglar_array

Skill      XL: |  1  2  3  4  5  6  7 |
---------------+----------------------+-----
Fighting       | 2 3 4 |  4.5
Unarmed Combat | 3 4 5 |  5.5
Translocations | 3 4 |  4.5
Spellcasting   | 2 |  2.7
Throwing       | |  0.8
Dodging        | |  1.9

Action                   |  1- 3 |  4- 6 |  7- 9 || total
-------------------------+-------+-------+-------++-------
Melee: Unarmed           |   119 |   133 |    92 ||   344
       Punch             |     2 |       |     5 ||     7
 Stab: Sleeping          |       |     1 |       ||     1
Armor: Robe              |    56 |    53 |    22 ||   131
Dodge: Dodged            |    68 |    70 |    37 ||   175
